 Dungeon Crawl Stone Soup version 0.25-a0-460-g4f2eb97ec1 (webtiles) character file.

Game seed: 16802355145022800858, levelgen mode: deterministic

125 ReteAZ the Thaumaturge (level 5, 0/43 HPs)
             Began as a Gnoll Wanderer on Feb 3, 2020.
             Slain by an orc wizard
             ... wielding a +6 dagger
              (1 damage)
             ... on level 3 of the Dungeon.
             The game lasted 00:02:38 (2134 turns).

ReteAZ the Thaumaturge (Gnoll Wanderer)             Turns: 2134, Time: 00:02:38

Health: 0/43       AC:  8    Str: 14    XL:     5   Next: 9%
Magic:  16/16      EV:  6    Int: 17    God:
Gold:   144        SH:  0    Dex: 13    Spells: 21/22 levels left

rFire    . . .     SeeInvis .   l - +0 hand axe (vorpal)
rCold    . . .     Gourm    .   (no shield)
rNeg     . . .     Faith    .   m - +0 chain mail
rPois    .         Spirit   .   (no helmet)
rElec    .         Reflect  .   (no cloak)
rCorr    .         Harm     .   (no gloves)
MR       .....                  (no boots)
Stlth    ..........             (no amulet)
HPRegen  0.14/turn              (no ring)
MPRegen  0.15/turn              (no ring)

@: confused
A: distributed training, fangs 1, strong nose
a: no special abilities


You were on level 3 of the Dungeon.
You were not hungry.

You visited 1 branch of the dungeon, and saw 3 of its levels.

You collected 144 gold pieces.

Inventory:

Hand Weapons
 a - a +0 falchion
 l - a +0 vorpal hand axe (weapon)
Missiles
 c - 33 poisoned darts (quivered)
Armour
 d - a +0 robe
 m - a +0 chain mail (worn)
 p - a +2 robe of magic resistance
Scrolls
 e - a scroll of teleportation {unknown}
 h - 2 scrolls of identify {unknown}
 i - a scroll of blinking {unknown}
 j - a scroll of enchant weapon {unknown}
 n - a scroll of fog {unknown}
Potions
 b - a potion of curing {unknown}
 g - a potion of invisibility {unknown}
 o - a potion of heal wounds {unknown}
Comestibles
 f - 4 rations


   Skills:
 + Level 4.7 Fighting
 + Level 1.3 Short Blades
 + Level 2.8 Long Blades
 + Level 1.3 Axes
 + Level 1.3 Maces & Flails
 + Level 1.3 Polearms
 + Level 1.3 Staves
 + Level 1.3 Slings
 + Level 1.3 Bows
 + Level 1.3 Crossbows
 + Level 1.3 Throwing
 + Level 1.3 Armour
 + Level 1.3 Dodging
 + Level 1.3 Stealth
 + Level 1.3 Shields
 + Level 1.3 Unarmed Combat
 + Level 9.3 Spellcasting
 + Level 1.0 Conjurations
 + Level 1.0 Hexes
 + Level 1.0 Charms
 + Level 1.0 Summonings
 + Level 2.3 Necromancy
 + Level 1.0 Translocations
 + Level 1.0 Transmutations
 + Level 1.0 Fire Magic
 + Level 1.0 Ice Magic
 + Level 1.0 Air Magic
 + Level 1.0 Earth Magic
 + Level 1.0 Poison Magic
 + Level 1.4 Invocations
 + Level 4.7 Evocations


You had 21 spell levels left.
You knew the following spells:

 Your Spells              Type           Power        Failure   Level  Hunger
a - Sting                 Tmut/Pois      ##..         85%         1    None

Your spell library contained the following spells:

 Spells                   Type           Power        Failure   Level  Hunger
 Animate Skeleton         Necr           N/A          67%         1    None
 Pain                     Necr           ###.         67%         1    None
 Corona                   Hex            ##.....      85%         1    None
 Ensorcelled Hibernation  Hex/Ice        ##....       94%         2    None
 Vampiric Draining        Necr           ###.......   96%         3    None
 Confusing Touch          Hex            ##......     99%         3    None
 Dazzling Flash           Conj/Hex       ##....       99%         3    None
 Ignite Poison            Fire/Tmut/Pois ##......     99%         3    None
 Tukima's Dance           Hex            ##......     99%         3    None
 Animate Dead             Necr           N/A          100%        4    ###....
 Agony                    Necr           ###.....     100%        5    #####..


Dungeon Overview and Level Annotations

Branches:
Dungeon (3/15)

Altars:
Gozag
Trog
Beogh


Innate Abilities, Weirdness & Mutations

Your experience applies equally to all skills.
You have very sharp teeth.
Your uncanny sense of smell can sniff out nearby items.


Message History

The orc priest hits you but does no damage.
The orc wizard mumbles some strange words.
The orc wizard flickers and vanishes!
Deactivating autopickup; reactivate with Ctrl-A.
You're too confused to move!
Something hits you!
The orc priest hits you but does no damage.
You bump into the rock wall.
The orc priest hits you but does no damage.
Something hits you.
* * * LOW HITPOINT WARNING * * *
You closely miss the orc priest.
The orc priest is lightly wounded.
Your chain mail prevents you from hitting something.
The orc priest hits you but does no damage.
You hear some strange, mumbled words.
A puff of flame appears from out of thin air!
The puff of flame hits you!
* * * LOW HITPOINT WARNING * * *
Something hits you.
You die...

#.#.###...#.#
#.####..##
#######
#......##
##._$##
######<.##
#.8$8.#
#.#.###$$$.$#
#....##o8.8.#
###.#.##.o.#
#>#..##o#
#.##..@{#
#.####### #.#
#.# #. ∆


You could see 2 orc priests.

Vanquished Creatures
  Jessica (D:2)
  Terence (D:2)
  4 gnolls (D:2)
  A worm (D:2)
  A dart slug (D:1)
  3 leopard geckos
  A ball python (D:2)
  5 giant cockroaches
  A goblin (D:1)
  4 hobgoblins (D:1)
  2 bats (D:2)
  4 frilled lizards
  2 kobolds (D:1)
  4 rats
34 creatures vanquished.

Notes
Turn   | Place    | Note
-------+----------+-------------------------------------------
     0 | D:1      | Reached skill level 9 in Spellcasting
     0 | D:1      | ReteAZ the Gnoll Wanderer began the quest for the Orb.
     0 | D:1      | ReteAZ set off with the following items: a +0 falchion, a
                  | +0 robe, a ration; and the following spells available to
                  | memorise: Animate Skeleton, Pain, Sting, Vampiric Draining,
                  | Ignite Poison, Animate Dead, Agony
     0 | D:1      | Reached XP level 1. HP: 20/20 MP: 10/10
     2 | D:1      | Learned a level 1 spell: Sting
   215 | D:1      | Reached XP level 2. HP: 24/26 MP: 12/12
   883 | D:2      | Reached XP level 3. HP: 13/31 MP: 8/13
  1193 | D:2      | Noticed Terence
  1206 | D:2      | Killed Terence
  1206 | D:2      | Reached skill level 1 in Invocations
  1317 | D:2      | Reached skill level 1 in Short Blades
  1317 | D:2      | Reached skill level 1 in Axes
  1317 | D:2      | Reached skill level 1 in Maces & Flails
  1317 | D:2      | Reached skill level 1 in Polearms
  1317 | D:2      | Reached skill level 1 in Staves
  1317 | D:2      | Reached skill level 1 in Slings
  1317 | D:2      | Reached skill level 1 in Bows
  1317 | D:2      | Reached skill level 1 in Crossbows
  1317 | D:2      | Reached skill level 1 in Throwing
  1317 | D:2      | Reached skill level 1 in Armour
  1317 | D:2      | Reached skill level 1 in Dodging
  1317 | D:2      | Reached skill level 1 in Stealth
  1317 | D:2      | Reached skill level 1 in Shields
  1317 | D:2      | Reached skill level 1 in Unarmed Combat
  1317 | D:2      | Reached XP level 4. HP: 20/38 MP: 13/15
  1794 | D:2      | Reached skill level 1 in Conjurations
  1794 | D:2      | Reached skill level 1 in Hexes
  1794 | D:2      | Reached skill level 1 in Charms
  1794 | D:2      | Reached skill level 1 in Summonings
  1794 | D:2      | Reached skill level 1 in Translocations
  1794 | D:2      | Reached skill level 1 in Transmutations
  1794 | D:2      | Reached skill level 1 in Fire Magic
  1794 | D:2      | Reached skill level 1 in Ice Magic
  1794 | D:2      | Reached skill level 1 in Air Magic
  1794 | D:2      | Reached skill level 1 in Earth Magic
  1794 | D:2      | Reached skill level 1 in Poison Magic
  1857 | D:2      | Found a bloodstained altar of Trog.
  1878 | D:2      | Noticed Jessica
  1885 | D:2      | Killed Jessica
  1885 | D:2      | Reached XP level 5. HP: 37/43 MP: 16/16
  2022 | D:2      | Found an opulent altar of Gozag.
  2123 | D:3      | Found a roughly hewn altar of Beogh.
  2134 | D:3      | HP: 1/43 [something/puff of flame (8)]
  2134 | D:3      | Slain by an orc wizard

Levels and vault maps discovered:
D:1:      onia_arrival_mini_maze, layout_loops_ring
D:2:      layout_loops_ring, overflow_temple_1_default, kennysheep_another_room,
          minmay_misc_feat_chi, nicolae_gozag_cash_rules_everything_around_me,
          uniq_terence, uniq_jessica
D:3:      layout_loops_ring, doesnt_xom_only_xom, cheibrodos_sewer_entry_sluice,
          kennysheep_orc_chapel, uniq_natasha

Skill      XL: |  1  2  3  4 |
---------------+-------------+-----
Spellcasting   | |  9.3
Necromancy     | 2 |  2.3
Invocations    | 1 |  1.4
Short Blades   | 1 |  1.3
Axes           | 1 |  1.3
Maces & Flails | 1 |  1.3
Polearms       | 1 |  1.3
Staves         | 1 |  1.3
Slings         | 1 |  1.3
Bows           | 1 |  1.3
Crossbows      | 1 |  1.3
Throwing       | 1 |  1.3
Armour         | 1 |  1.3
Dodging        | 1 |  1.3
Stealth        | 1 |  1.3
Shields        | 1 |  1.3
Unarmed Combat | 1 |  1.3
Conjurations   | 1 |  1.0
Hexes          | 1 |  1.0
Charms         | 1 |  1.0
Summonings     | 1 |  1.0
Translocations | 1 |  1.0
Transmutations | 1 |  1.0
Fire Magic     | 1 |  1.0
Ice Magic      | 1 |  1.0
Air Magic      | 1 |  1.0
Earth Magic    | 1 |  1.0
Poison Magic   | 1 |  1.0
Fighting       | |  4.7
Long Blades    | |  2.8
Evocations     | |  4.7

Action                   |  1- 3 |  4- 6 || total
-------------------------+-------+-------++-------
Melee: Falchion          |    47 |       ||    47
       Bite              |     6 |     6 ||    12
       Hand axe          |     6 |    41 ||    47
Throw: Dart              |    10 |     5 ||    15
 Cast: Sting             |    14 |     3 ||    17
 Stab: Sleeping          |     2 |       ||     2
  Eat: Chunk             |     1 |     3 ||     4
Armor: Robe              |    11 |     1 ||    12
       Chain mail        |       |    23 ||    23
Dodge: Dodged            |    32 |    16 ||    48
       Rpst.: Falchion   |    14 |       ||    14

Table legend:
 A = Non-vault XP
 B = Vault XP
 C = Vault XP percentage of total XP
 D = Non-vault monster count
 E = Vault monster count
 F = Vault count percentage of total count
                 A         B        C        D         E       F
            +---------+---------+-------+---------+---------+-------
      Total |     110 |      69 |  38.5 |      32 |       2 |   5.9
            +---------+---------+-------+---------+---------+-------
        D:1 |      28 |       0 |   0.0 |      15 |       0 |   0.0
        D:2 |      79 |      69 |  46.6 |      16 |       2 |  11.1
        D:3 |       3 |       0 |   0.0 |       1 |       0 |   0.0
            +---------+---------+-------+---------+---------+-------
